 Dungeon Crawl Stone Soup version 0.24.0-13-gcf9b319 (webtiles) character file.

Game seed: 15247805328640639227, levelgen mode: deterministic

3756 Fang the Fighter (level 10, -6/97 HPs)
             Began as a Gargoyle Berserker on Dec 2, 2019.
             Was a High Priest of Trog.
             Splashed by Joseph's acid (9 damage)
             ... on level 7 of the Dungeon.
             The game lasted 00:09:10 (6790 turns).

Fang the Fighter (Gargoyle Berserker)               Turns: 6790, Time: 00:09:11

Health: -6/97      AC: 13    Str: 33    XL:     10   Next: 15%
Magic:  0/10       EV: 10    Int:  7    God:    Trog [*****.]
Gold:   314        SH:  0    Dex:  9    Spells: 9/9 levels left

rFire    + . .     SeeInvis .   a - +0 war axe
rCold    . . .     Gourm    .   (no shield)
rNeg     + . .     Faith    .   b - +1 plate armour
rPois    ∞         Spirit   +   (no helmet)
rElec    +         Reflect  .   (no cloak)
rCorr    .         Harm     .   (no gloves)
MR       .....                  (no boots)
Stlth    ..........             r - amulet of guardian spirit
HPRegen  0.26/turn              s - ring of protection from fire
MPRegen  0.12/turn              B - +3 ring of strength

@: berserking, marked, corroded, very quick
A: negative energy resistance 1, electricity resistance, unbreathing,
petrification resistance, rot immunity, AC +7
a: Berserk, Trog's Hand, Brothers in Arms, Renounce Religion


You were on level 7 of the Dungeon.
You worshipped Trog.
Trog was extremely pleased with you.
You were hungry.

You visited 2 branches of the dungeon, and saw 8 of its levels.

You collected 314 gold pieces.

Inventory:

Hand Weapons
 a - a +0 war axe (weapon)
Armour
 b - a +1 plate armour (worn)
Jewellery
 h - a +3 ring of strength
 j - an uncursed ring of flight
 r - an amulet of guardian spirit (around neck)
 s - a ring of protection from fire (left hand)
 B - a +3 ring of strength (right hand)
Wands
 p - a wand of flame (48)
 u - a wand of polymorph (9)
 y - a wand of paralysis (11)
Scrolls
 d - 4 scrolls of remove curse
 e - a scroll of identify
 l - 2 scrolls of fear
 n - 2 scrolls of magic mapping
 q - 4 scrolls of teleportation
Potions
 f - 4 potions of curing {unknown}
 m - a potion of mutation
 o - 2 potions of agility
 t - a potion of ambrosia
 C - a potion of cancellation
 D - a potion of flight
Comestibles
 c - 9 rations
 g - 16 chunks of flesh


   Skills:
 + Level 8.5 Fighting
 + Level 7.1 Axes
 + Level 8.1 Armour
 + Level 6.1 Dodging


You had 9 spell levels left.
You didn't know any spells.
Your spell library was empty.

Dungeon Overview and Level Annotations

Branches:
Dungeon (7/15)             Temple (1/1) D:4

Altars:
Dithmenos
Fedhas
Hepliaklqana
Trog
Vehumet
Xom

Shops:
D:5 :

Annotations:
D:7 1 runed translucent door, Joseph


Innate Abilities, Weirdness & Mutations

You are resistant to torment.
Your stone body is resilient. (AC +7)
You are immune to poison.
You resist negative energy. (rN+)
You are resistant to electric shocks. (rElec)
You can survive without breathing.
You are immune to petrification.
You are immune to rotting.


Message History

A red film seems to cover your vision as you go berserk!
You feel yourself moving faster!
You feel mighty!
You are feeling hungry.
Joseph zaps a wand.
The bolt of acid misses you.
You closely miss Joseph. You slash Joseph!
Joseph is lightly wounded.
Joseph zaps a wand.
The bolt of acid hits you!
* * * LOW HITPOINT WARNING * * *
You are splashed with acid!
* * * LOW HITPOINT WARNING * * *
You completely miss Joseph.
Joseph is lightly wounded.
Joseph zaps a wand.
The bolt of acid misses you.
You closely miss Joseph.
Joseph is lightly wounded.
Joseph zaps a wand.
The bolt of acid hits you.
* * * LOW HITPOINT WARNING * * *
The acid corrodes you!
You are splashed with acid!
You die...

,,*,,,,,,,,,,,,***,,,,,,,#......#
,,*,,,,,,,,....#3+..,,,,,#......#
,,**,,,,,,*#...###.*,,,,,#..>...#
,,**,,,,,,##.......*,,,,,##'##..#
,,,*,,,,,,#.......#,,,,,,#...#..#
,,,*,,,,,,#.......#,,,,,,#...#..#
,,,*,,,,,,#.......#,,,,,,#._.#..#
,,,*,,,,,,#......@#,,,,,,#####..#
***********#....@.#*,,,,,#......#
#......#*,,,,,#......#
#....(.#,,,,,,+......#
#...(..#,,,,,,#......#
#......#,,,,,,#.......
#.(....########.......
##.(....#..............
#.......#..............
#.......#..............


You could see Joseph and a sixfirhy.

Vanquished Creatures
  Pikel (D:6)
  Prince Ribbit (D:5)
  Eustachio (D:6)
  Edmund (D:5)
  Menkaure (D:6)
  An orc warrior (D:6)
  An ice beast (D:6)
  3 sky beasts
  3 slaves (D:6)
  4 ogres
  2 centaurs
  2 phantoms
  5 bullfrogs
  A big kobold (D:7)
  2 scorpions
  5 killer bees (D:7)
  3 jellies (D:5)
  2 gnoll shamans
  2 hounds
  4 orc wizards
  2 bullfrog skeletons (D:5)
  Ijyb (D:5)
  2 iguanas (D:5)
  2 worker ants
  10 gnolls
  A worker ant zombie (D:6)
  9 adders
  A shadow imp (D:6)
  4 oozes
  An adder skeleton (D:6)
  An adder zombie (D:5)
  5 worms
  2 dart slugs (D:2)
  4 leopard geckos
  16 orcs
  5 giant cockroaches
  9 goblins
  6 hobgoblins
  6 jackals
  5 quokkas
  A ball python (D:1)
  4 bats
  8 frilled lizards
  A jackal skeleton (D:5)
  16 kobolds
  A leopard gecko zombie (D:3)
  10 rats
178 creatures vanquished.

Vanquished Creatures (others)
  An orc priest (D:6)
1 creature vanquished.

Grand Total: 179 creatures vanquished

Notes
Turn   | Place    | Note
-------+----------+-------------------------------------------
     0 | D:1      | Fang the Gargoyle Berserker began the quest for the Orb.
     0 | D:1      | Reached XP level 1. HP: 14/14 MP: 1/1
   362 | D:1      | Reached XP level 2. HP: 19/19 MP: 2/2
   848 | D:1      | Reached ** piety under Trog
   848 | D:1      | Reached XP level 3. HP: 22/23 MP: 3/3
  1493 | D:2      | Reached XP level 4. HP: 24/29 MP: 4/4
  2033 | D:3      | Reached XP level 5. HP: 33/33 MP: 5/5
  2046 | D:3      | Reached *** piety under Trog
  2552 | D:3      | Found a shadowy altar of Dithmenos.
  2554 | D:3      | Found a shimmering altar of Xom.
  2554 | D:3      | Found a blossoming altar of Fedhas.
  2556 | D:3      | Found a hazy altar of Hepliaklqana.
  2556 | D:3      | Found a bloodstained altar of Trog.
  2556 | D:3      | Found a hazy altar of Hepliaklqana.
  2640 | D:4      | Found a radiant altar of Vehumet.
  2692 | D:4      | Found a staircase to the Ecumenical Temple.
  2725 | Temple   | Entered the Ecumenical Temple
  3080 | D:4      | Reached XP level 6. HP: 18/39 MP: 3/6
  3486 | D:5      | Entered Level 5 of the Dungeon
  3500 | D:5      | Noticed a sky beast
  3524 | D:5      | Killed a sky beast
  3571 | D:5      | Reached skill level 5 in Fighting
  3649 | D:5      | Noticed Prince Ribbit
  3688 | D:5      | Reached XP level 7. HP: 24/44 MP: 2/7
  3823 | D:5      | Found Kuythy's Book Shoppe.
  3896 | D:5      | Noticed Ijyb
  3906 | D:5      | Killed Ijyb
  4112 | D:5      | Killed Prince Ribbit
  4112 | D:5      | Reached skill level 5 in Armour
  4112 | D:5      | Reached XP level 8. HP: 48/51 MP: 5/8
  4154 | D:5      | Reached **** piety under Trog
  4564 | D:5      | Reached skill level 5 in Axes
  4800 | D:6      | Noticed Edmund
  4832 | D:5      | HP: 2/52 [something/puff of frost (3)]
  5339 | D:5      | Killed Edmund
  5411 | D:6      | Noticed Eustachio
  5424 | D:6      | Killed Eustachio
  5424 | D:6      | Reached XP level 9. HP: 46/57 MP: 7/9
  5452 | D:6      | Reached skill level 5 in Dodging
  6078 | D:6      | Noticed Menkaure
  6087 | D:6      | Noticed Pikel
  6088 | D:6      | Killed Menkaure
  6110 | D:6      | Killed Pikel
  6494 | D:7      | Reached XP level 10. HP: 64/64 MP: 0/10
  6577 | D:7      | Found a shadowy altar of Dithmenos.
  6633 | D:7      | Reached ***** piety under Trog
  6779 | D:7      | Noticed Joseph
  6785 | D:7      | Found a runed translucent door.
  6785 | D:7      | Noticed a sixfirhy
  6788 | D:7      | HP: 3/97 [acid (5)]
  6790 | D:7      | Splashed by Joseph's acid

Levels and vault maps discovered:
D:1:      onia_arrival_mini_maze_b, layout_basic
D:2:      minmay_spotlight, layout_rooms, first_ration, minmay_tripent
D:3:      layout_loops_cross, doesnt_xom_only_xom
D:4:      layout_basic, vehumet_crystals, minmay_temple_entry_antechambers
D:5:      layout_loops_ring, serial_shops, kennysheep_little_box,
          kennysheep_boxes, uniq_ijyb, uniq_prince_ribbit1
D:6:      layout_loops_ring, uniq_pikel, uniq_edmund, uniq_menkaure,
          uniq_eustachio
D:7:      cheibrodos_shockbox, layout_gridville, grunt_dithmenos_shadows,
          uniq_joseph
Temple:   kilobyte_greek_temple

Skill      XL: |  1  2  3  4  5  6  7  8  9 10 |
---------------+-------------------------------+-----
Axes           | 3 4 5 6 7 |  7.1
Dodging        | 2 3 4 5 6 |  6.1
Armour         | 3 4 5 6 7 8 |  8.1
Fighting       | 4 5 7 8 |  8.5

Action                   |  1- 3 |  4- 6 |  7- 9 | 10-12 || total
-------------------------+-------+-------+-------+-------++-------
Melee: Hand axe          |   110 |   140 |       |       ||   250
       War axe           |       |    88 |   341 |    75 ||   504
Invok: Berserk           |       |     4 |     8 |     1 ||    13
       Trog's Hand       |       |     2 |     3 |       ||     5
  Use: Scroll            |       |       |     9 |     8 ||    17
  Eat: Chunk             |     2 |     9 |    13 |     3 ||    27
       Ration            |       |     1 |     1 |       ||     2
Armor: Animal skin       |    35 |    77 |    86 |       ||   198
       Plate armour      |       |       |    81 |    63 ||   144
Dodge: Dodged            |    63 |   133 |   237 |    57 ||   490
